Sarnia Sailors vs Tappara Tampere
Created - Sunday, April 14, 2024 at 08:29
Goals
|
| Sarnia Sailors |
0 |
2 |
1 |
3 |
| Tappara Tampere |
3 |
1 |
0 |
4 |
|
Shots
|
| Sarnia Sailors |
13 |
11 |
9 |
33 |
| Tappara Tampere |
18 |
11 |
11 |
40 |
|
1st period
1. Tappara Tampere , Stefan Noesen 30 (Mattias Samuelsson 20, Mattias Janmark 30) at 15:20
2. Tappara Tampere , Rocco Grimaldi 19 (Alex Goligoski 15, Kiefer Sherwood 17) at 16:59
3. Tappara Tampere , Andrew Poturalski 12 (Kiefer Sherwood 18, Rocco Grimaldi 20) at 18:16
Penalties :
No Penalty
2nd period
4. Sarnia Sailors , Keegan Kolesar 43 (Laurent Dauphin 9) at 13:48 (SH)
5. Tappara Tampere , Kent Johnson 24 (Anders Bjork 24, Logan O'Connor 19) at 14:09 (PP)
6. Sarnia Sailors , Jesse Puljujarvi 23 (Tristen Nielsen 43) at 16:04
Penalties :
Andy Andreoff (TAP) for Tripping (Minor) at 4:35, Jack Rathbone (SAR) for Hooking (Minor) at 12:37, Andy Andreoff (TAP) for Tripping (Minor) at 16:07
3rd period
7. Sarnia Sailors , Lucas Edmonds 12 (Jamie Drysdale 54, Jack Rathbone 27) at 8:59
Penalties :
Zach Uens (SAR) for Interference (Minor) at 5:25, Cole Reinhardt (SAR) for Unsportsmanlike conduct (Minor) at 9:41, Keegan Kolesar (SAR) for Cross-checking (Minor) at 17:44
Goalie Stats
Remi Poirier (SAR), 36 saves from 40 shots - (0.900), L, 25-16-1, 60:00 minutes
Petr Mrazek (TAP), 30 saves from 33 shots - (0.909), W, 14-8-3, 60:00 minutes
Players Stats for Sarnia Sailors
Player Name G A P +/- PIM S H SB GA TA FO MP PP MP PK MP
------------------------------------------------------------------------------------
Adam Ginning 0 0 0 -2 0 2 2 3 1 0 0/0 24:48 1:33 4:52
Brad Lambert 0 0 0 0 0 2 1 0 0 0 0/0 12:15 0:00 0:00
Cole Reinhardt 0 0 0 0 2 1 1 3 0 0 0/0 14:49 1:50 0:11
Daniel Torgersson 0 0 0 0 0 0 0 1 0 0 0/0 7:35 0:00 0:00
Declan Chisholm 0 0 0 -1 0 0 1 1 0 0 0/0 18:30 0:00 2:37
Dominic Toninato 0 0 0 0 0 2 0 1 0 1 1/4 17:14 0:03 4:36
Jack Rathbone 0 1 1 1 2 3 2 1 0 1 0/0 26:04 2:25 3:52
Jamie Drysdale 0 1 1 2 0 2 1 1 3 1 0/0 22:24 2:25 2:37
Jesse Puljujarvi 1 0 1 0 0 1 1 0 0 0 0/0 14:31 1:50 0:00
Jett Woo 0 0 0 0 0 0 0 2 0 1 0/0 14:25 1:33 0:00
Keegan Kolesar 1 0 1 0 2 4 3 0 1 0 1/3 18:39 1:57 1:09
Kevin Stenlund 0 0 0 -1 0 3 1 0 0 0 22/32 21:41 1:47 4:32
Laurent Dauphin 0 1 1 1 0 2 0 0 0 1 2/2 9:29 0:00 1:54
Lucas Edmonds 1 0 1 0 0 5 2 1 0 1 0/0 12:46 0:11 0:00
Samuel Walker 0 0 0 0 0 2 0 0 0 0 0/0 9:53 0:14 1:33
Tristen Nielsen 0 1 1 0 0 2 1 0 0 0 7/12 16:09 2:05 1:03
Vasily Podkolzin 0 0 0 -1 0 2 1 0 0 0 1/1 17:28 1:57 0:00
Zach Uens 0 0 0 0 2 0 3 1 0 0 0/0 13:47 0:00 1:00
Players Stats for Tappara Tampere
Player Name G A P +/- PIM S H SB GA TA FO MP PP MP PK MP
------------------------------------------------------------------------------------
Alex Goligoski 0 1 1 0 0 4 2 0 1 0 0/0 20:41 3:20 1:28
Anders Bjork 0 1 1 -2 0 2 0 0 0 1 2/2 18:55 3:44 2:04
Andreas Englund 0 0 0 1 0 0 3 0 0 1 0/0 17:11 0:00 1:28
Andrew Poturalski 1 0 1 2 0 2 0 1 1 0 4/6 13:17 0:00 0:00
Andy Andreoff 0 0 0 1 4 3 1 0 0 0 4/15 17:10 3:45 0:00
Calvin De Haan 0 0 0 1 0 0 0 0 0 0 0/0 16:13 0:00 0:00
Jan Rutta 0 0 0 -1 0 1 1 0 0 0 0/0 23:06 4:09 2:30
John Klingberg 0 0 0 -1 0 0 2 1 0 0 0/0 21:13 4:09 0:00
Kent Johnson 1 0 1 -2 0 1 1 0 1 1 7/25 16:51 3:44 0:00
Kiefer Sherwood 0 2 2 2 0 6 2 0 1 0 0/0 13:31 0:00 0:00
Logan O'Connor 0 1 1 -2 0 1 2 2 1 0 0/1 18:55 3:44 2:04
Lukas Svejkovsky 0 0 0 -1 0 2 1 0 0 0 0/0 8:49 0:05 0:00
Mattias Janmark 0 1 1 1 0 3 0 0 1 0 0/0 18:59 3:40 1:54
Mattias Samuelsson 0 1 1 0 0 0 2 3 0 1 0/0 21:36 3:20 2:30
Phillip Di Giuseppe 0 0 0 -1 0 3 1 0 0 1 0/0 8:28 0:00 0:00
Rocco Grimaldi 1 1 2 2 0 4 0 0 0 0 0/0 13:38 0:05 0:00
Stefan Noesen 1 0 1 1 0 8 1 1 0 0 2/4 18:59 3:40 1:54
William Eklund 0 0 0 -1 0 0 1 0 0 0 1/1 8:28 0:00 0:00
3 Stars
1 - Rocco Grimaldi (TAP)
2 - Kiefer Sherwood (TAP)
3 - Andrew Poturalski (TAP)
Power Play
Sarnia Sailors - 0 on 2 Attempt(s) - 0.00%
Tappara Tampere - 1 on 4 Attempt(s) - 25.00%
Penalty Kill
Sarnia Sailors - 3 on 4 Attempt(s) - 75.00%
- Score 1 goal in Penalty Kill
Tappara Tampere - 2 on 2 Attempt(s) - 100.00%
- Score 0 goal in Penalty Kill
Team Stat
Sarnia Sailors - Hits : 20 - Faceoff Wins : 34 - Blocked Shots : 15 - Penalty Minutes : 8
Tappara Tampere - Hits : 20 - Faceoff Wins : 20 - Blocked Shots : 8 - Penalty Minutes : 4
Official
Referees : Marc Joannette and Francois StLaurent
Linesman : Darren Gibbs and Mark Shewchyk
Game Notes
15:20 of 1st period - Tappara Tampere goal is going for a video replay. After video review, Goal.
17:48 of 1st period - Tappara Tampere goal is going for a video replay. After video review, No Goal. The puck has been directed, batted or thrown into the net by an attacking player other than with a stick.
Sarnia Sailors
5 vs 5 Forward
Center Left Wing Right Wing Time % Phy DF OF
1 Kevin Stenlund Vasily Podkolzin Keegan Kolesar 40 2 1 2
2 Tristen Nielsen Cole Reinhardt Jesse Puljujarvi 30 2 1 2
3 Dominic Toninato Brad Lambert Lucas Edmonds 20 1 2 2
4 Laurent Dauphin Daniel Torgersson Samuel Walker 10 2 1 2
5 vs 5 Defense
Defense Defense Time % Phy DF OF
1 Jamie Drysdale Jack Rathbone 40 1 2 2
2 Declan Chisholm Adam Ginning 30 2 1 2
3 Zach Uens Jett Woo 20 2 2 1
4 Adam Ginning Jack Rathbone 10 1 2 2
PowerPlay Forward
Center Left Wing Right Wing Time % Phy DF OF
1 Tristen Nielsen Vasily Podkolzin Keegan Kolesar 60 0 1 4
2 Kevin Stenlund Cole Reinhardt Jesse Puljujarvi 40 0 1 4
PowerPlay Defense
Defense Defense Time % Phy DF OF
1 Jamie Drysdale Jack Rathbone 60 1 1 3
2 Adam Ginning Jett Woo 40 2 1 2
Penalty Kill 4 Players Forward
Center Wing Time % Phy DF OF
1 Kevin Stenlund Dominic Toninato 60 2 2 1
2 Laurent Dauphin Keegan Kolesar 40 2 2 1
Penalty Kill 4 Players Defense
Defense Defense Time % Phy DF OF
1 Adam Ginning Jack Rathbone 60 2 1 2
2 Declan Chisholm Jamie Drysdale 40 2 2 1
Penalty Kill - 3 Players Forward
Forward Time % Phy DF OF
1 Kevin Stenlund 60 2 2 1
2 Tristen Nielsen 40 2 2 1
Penalty Kill - 3 Players Defense
Defense Defense Time % Phy DF OF
1 Adam Ginning Jack Rathbone 60 2 1 2
2 Declan Chisholm Jamie Drysdale 40 2 2 1
4 vs 4 Forward
Center Wing Time % Phy DF OF
1 Kevin Stenlund Keegan Kolesar 60 2 1 2
2 Tristen Nielsen Vasily Podkolzin 40 2 1 2
4 vs 4 Defense
Defense Defense Time % Phy DF OF
1 Declan Chisholm Jack Rathbone 60 1 2 2
2 Jamie Drysdale Adam Ginning 40 2 1 2
Last Minutes Offensive
Center Left Wing Right Wing Defense Defense
Tristen Nielsen Vasily Podkolzin Keegan Kolesar Jamie Drysdale Jack Rathbone
Last Minutes Defensive
Center Left Wing Right Wing Defense Defense
Kevin Stenlund Dominic Toninato Tristen Nielsen Jamie Drysdale Jack Rathbone
Goaltenders
Starting : Remi Poirier
Backup : Dylan Ferguson
Extra Forwards
Normal : Samuel Walker, Cole Reinhardt, Lucas Edmonds - PP : Samuel Walker, Cole Reinhardt - PK : Dominic Toninato
Extra Defensemen
Normal : Zach Uens, Declan Chisholm, Jamie Drysdale - PP : Jamie Drysdale - PK : Zach Uens, Declan Chisholm
Penalty Shots
Kevin Stenlund, Keegan Kolesar, Dominic Toninato, Jesse Puljujarvi, Vasily Podkolzin
Tappara Tampere
5 vs 5 Forward
Center Left Wing Right Wing Time % Phy DF OF
1 Andy Andreoff Stefan Noesen Mattias Janmark 31 1 2 2
2 Kent Johnson Logan O'Connor Anders Bjork 31 1 2 2
3 Andrew Poturalski Rocco Grimaldi Kiefer Sherwood 28 1 2 2
4 William Eklund Phillip Di Giuseppe Lukas Svejkovsky 10 1 2 2
5 vs 5 Defense
Defense Defense Time % Phy DF OF
1 John Klingberg Jan Rutta 34 1 3 1
2 Mattias Samuelsson Alex Goligoski 33 1 3 1
3 Calvin De Haan Andreas Englund 33 2 2 1
4 John Klingberg Jan Rutta 0 1 2 2
PowerPlay Forward
Center Left Wing Right Wing Time % Phy DF OF
1 Andy Andreoff Stefan Noesen Mattias Janmark 50 1 2 2
2 Kent Johnson Logan O'Connor Anders Bjork 50 1 2 2
PowerPlay Defense
Defense Defense Time % Phy DF OF
1 John Klingberg Jan Rutta 50 1 2 2
2 Mattias Samuelsson Alex Goligoski 50 1 2 2
Penalty Kill 4 Players Forward
Center Wing Time % Phy DF OF
1 Stefan Noesen Mattias Janmark 50 1 3 1
2 Logan O'Connor Anders Bjork 50 2 2 1
Penalty Kill 4 Players Defense
Defense Defense Time % Phy DF OF
1 Mattias Samuelsson Jan Rutta 50 2 2 1
2 Andreas Englund Alex Goligoski 50 2 2 1
Penalty Kill - 3 Players Forward
Forward Time % Phy DF OF
1 Stefan Noesen 50 1 3 1
2 Mattias Janmark 50 1 3 1
Penalty Kill - 3 Players Defense
Defense Defense Time % Phy DF OF
1 Mattias Samuelsson Jan Rutta 50 2 2 1
2 Andreas Englund Alex Goligoski 50 2 2 1
4 vs 4 Forward
Center Wing Time % Phy DF OF
1 Stefan Noesen Phillip Di Giuseppe 50 1 2 2
2 Logan O'Connor Kent Johnson 50 1 2 2
4 vs 4 Defense
Defense Defense Time % Phy DF OF
1 John Klingberg Jan Rutta 50 1 2 2
2 Mattias Samuelsson Alex Goligoski 50 1 2 2
Last Minutes Offensive
Center Left Wing Right Wing Defense Defense
Andy Andreoff Phillip Di Giuseppe Stefan Noesen John Klingberg Mattias Samuelsson
Last Minutes Defensive
Center Left Wing Right Wing Defense Defense
Andy Andreoff Stefan Noesen Mattias Janmark Jan Rutta Mattias Samuelsson
Goaltenders
Starting : Petr Mrazek
Backup : Charlie Lindgren
Extra Forwards
Normal : Kent Johnson, Rocco Grimaldi, Kiefer Sherwood - PP : Lukas Svejkovsky, Rocco Grimaldi - PK : Kiefer Sherwood
Extra Defensemen
Normal : Calvin De Haan, John Klingberg, Mattias Samuelsson - PP : Calvin De Haan - PK : Andreas Englund, Mattias Samuelsson
Penalty Shots
Stefan Noesen, Mattias Janmark, Logan O'Connor, Anders Bjork, Andy Andreoff
% Time on Ice - Sarnia Sailors
Lines # - Real PCT - Wanted PCT - Time Play
Normal Forward
1 - 33% - 40% - 15:49
2 - 26% - 30% - 12:41
3 - 25% - 20% - 12:15
4 - 16% - 10% - 7:35
Normal Defense
1 - 34% - 40% - 16:35
2 - 31% - 30% - 15:13
3 - 25% - 20% - 12:19
4 - 9% - 10% - 4:13
PP Forward
1 - 54% - 60% - 2:08
2 - 46% - 40% - 1:50
PP Defense
1 - 61% - 60% - 2:25
2 - 39% - 40% - 1:33
PK Forward
1 - 75% - 60% - 5:35
2 - 25% - 40% - 1:54
PK Defense
1 - 65% - 60% - 4:52
2 - 35% - 40% - 2:37
PK3 Forward
1 - 0% - 60%
2 - 0% - 40%
PK3 Defense
1 - 0% - 60%
2 - 0% - 40%
44 Forward
1 - 0% - 60%
2 - 0% - 40%
44 Defense
1 - 0% - 60%
2 - 0% - 40%
Last Minute Offensive - 0:13
Last Minute Defensive - 0:00
Total
Forward - 60:00
Defense - 60:00
|
% Time on Ice - Tappara Tampere
Lines # - Real PCT - Wanted PCT - Time Play
Normal Forward
1 - 28% - 31% - 13:27
2 - 27% - 31% - 13:07
3 - 27% - 28% - 13:17
4 - 18% - 10% - 8:28
Normal Defense
1 - 34% - 34% - 16:21
2 - 33% - 33% - 15:53
3 - 33% - 33% - 15:43
4 - 1% - 0% - 0:22
PP Forward
1 - 50% - 50% - 3:45
2 - 50% - 50% - 3:44
PP Defense
1 - 55% - 50% - 4:09
2 - 45% - 50% - 3:20
PK Forward
1 - 48% - 50% - 1:54
2 - 52% - 50% - 2:04
PK Defense
1 - 63% - 50% - 2:30
2 - 37% - 50% - 1:28
PK3 Forward
1 - 0% - 50%
2 - 0% - 50%
PK3 Defense
1 - 0% - 50%
2 - 0% - 50%
44 Forward
1 - 0% - 50%
2 - 0% - 50%
44 Defense
1 - 0% - 50%
2 - 0% - 50%
Last Minute Offensive - 0:00
Last Minute Defensive - 0:14
Total
Forward - 60:00
Defense - 60:00
|
Play-by-Play
1st period
0:01 of 1st period - Kevin Stenlund wins face-off versus Andy Andreoff in neutral zone.
1:17 of 1st period - Snap shot by Phillip Di Giuseppe.
1:17 of 1st period - Stopped by Remi Poirier with a rebound.
1:19 of 1st period - Snap shot by Lukas Svejkovsky.
1:19 of 1st period - Deflect By Phillip Di Giuseppe.
1:19 of 1st period - Shot Misses the Net.
1:19 of 1st period - Puck is out of play.
1:20 of 1st period - Kevin Stenlund wins face-off versus Andy Andreoff in Sarnia Sailors zone.
2:11 of 1st period - John Klingberg is hit by Jamie Drysdale.
4:18 of 1st period - Snap shot by Mattias Janmark.
4:18 of 1st period - Stopped by Remi Poirier with a rebound.
5:20 of 1st period - Kevin Stenlund is hit by Phillip Di Giuseppe and loses puck.
5:45 of 1st period - Snap shot by Andy Andreoff.
5:45 of 1st period - Stopped by Remi Poirier without a rebound.
5:46 of 1st period - Tristen Nielsen wins face-off versus Kent Johnson in Sarnia Sailors zone.
5:46 of 1st period - Tristen Nielsen is hit by Logan O'Connor.
6:00 of 1st period - Snap shot by Jamie Drysdale.
6:00 of 1st period - Stopped by Petr Mrazek with a rebound.
6:12 of 1st period - Calvin De Haan is hit by Lucas Edmonds.
6:15 of 1st period - Off-side.
6:16 of 1st period - Andy Andreoff wins face-off versus Dominic Toninato in neutral zone.
6:25 of 1st period - Wrist shot by Dominic Toninato.
6:25 of 1st period - Deflect By Lucas Edmonds.
6:25 of 1st period - Shot Misses the Net.
6:25 of 1st period - Puck is out of play.
6:26 of 1st period - Andrew Poturalski wins face-off versus Kevin Stenlund in Tappara Tampere zone.
6:37 of 1st period - Slapshot by Kiefer Sherwood.
6:37 of 1st period - Stopped by Remi Poirier without a rebound.
6:38 of 1st period - Kent Johnson wins face-off versus Kevin Stenlund in Sarnia Sailors zone.
6:41 of 1st period - Slapshot by Anders Bjork.
6:41 of 1st period - Stopped by Remi Poirier with a rebound.
6:49 of 1st period - Snap shot by Keegan Kolesar.
6:49 of 1st period - Stopped by Petr Mrazek with a rebound.
7:03 of 1st period - Jesse Puljujarvi is hit by Andreas Englund and loses puck.
7:15 of 1st period - Slapshot by Rocco Grimaldi.
7:15 of 1st period - Stopped by Remi Poirier with a rebound.
8:21 of 1st period - Icing by Jan Rutta.
8:22 of 1st period - Anders Bjork wins face-off versus Keegan Kolesar in Tappara Tampere zone.
8:22 of 1st period - Anders Bjork is hit by Keegan Kolesar.
9:38 of 1st period - Wrist shot by Samuel Walker.
9:38 of 1st period - Shot Misses the Net.
9:55 of 1st period - Andreas Englund is hit by Zach Uens and loses puck.
10:30 of 1st period - Wrist shot by Tristen Nielsen.
10:30 of 1st period - Stopped by Petr Mrazek without a rebound.
10:31 of 1st period - Kent Johnson wins face-off versus Tristen Nielsen in Tappara Tampere zone.
10:56 of 1st period - Mattias Samuelsson is hit by Adam Ginning and loses puck.
11:42 of 1st period - Snap shot by Samuel Walker.
11:42 of 1st period - Stopped by Petr Mrazek with a rebound.
11:44 of 1st period - Wrist shot by Jack Rathbone.
11:44 of 1st period - Stopped by Petr Mrazek with a rebound.
11:46 of 1st period - Snap shot by Laurent Dauphin.
11:46 of 1st period - Stopped by Petr Mrazek with a rebound.
11:48 of 1st period - Snap shot by Laurent Dauphin.
11:48 of 1st period - Shot Misses the Net.
11:50 of 1st period - Snap shot by Laurent Dauphin.
11:50 of 1st period - Stopped by Petr Mrazek with a rebound.
12:25 of 1st period - Dominic Toninato is hit by Andreas Englund and loses puck.
12:46 of 1st period - Wrist shot by Kiefer Sherwood.
12:46 of 1st period - Stopped by Remi Poirier with a rebound.
13:08 of 1st period - Slapshot by Laurent Dauphin.
13:08 of 1st period - Deflect By Phillip Di Giuseppe.
13:08 of 1st period - Shot Misses the Net.
13:08 of 1st period - Puck is out of play.
13:09 of 1st period - Laurent Dauphin wins face-off versus Andy Andreoff in Tappara Tampere zone.
13:10 of 1st period - Snap shot by Samuel Walker.
13:10 of 1st period - Stopped by Petr Mrazek with a rebound.
13:18 of 1st period - Wrist shot by Andy Andreoff.
13:18 of 1st period - Shot Misses the Net.
13:20 of 1st period - Snap shot by Alex Goligoski.
13:20 of 1st period - Stopped by Remi Poirier with a rebound.
13:22 of 1st period - Slapshot by Mattias Samuelsson.
13:22 of 1st period - Shot Misses the Net.
13:42 of 1st period - Wrist shot by Kent Johnson.
13:42 of 1st period - Shot Blocked by Jett Woo.
13:44 of 1st period - Slapshot by Anders Bjork.
13:44 of 1st period - Shot Blocked by Daniel Torgersson.
14:03 of 1st period - Snap shot by Rocco Grimaldi.
14:03 of 1st period - Stopped by Remi Poirier with a rebound.
14:53 of 1st period - Andy Andreoff is hit by Brad Lambert and loses puck.
15:16 of 1st period - Snap shot by Mattias Janmark.
15:16 of 1st period - Shot Misses the Net.
15:18 of 1st period - Wrist shot by Mattias Samuelsson.
15:18 of 1st period - Shot Blocked by Jack Rathbone.
15:20 of 1st period - Backhand shot by Stefan Noesen.
15:20 of 1st period - Tappara Tampere goal is going for a video replay.
15:20 of 1st period - The goal is good.
15:20 of 1st period - Goal by Stefan Noesen - Sarnia Sailors : 0 - Tappara Tampere : 1.
15:21 of 1st period - Kevin Stenlund wins face-off versus Andrew Poturalski in neutral zone.
15:26 of 1st period - Snap shot by Keegan Kolesar.
15:26 of 1st period - Stopped by Petr Mrazek with a rebound.
15:48 of 1st period - Anders Bjork is hit by Jesse Puljujarvi and loses puck.
16:39 of 1st period - Snap shot by Stefan Noesen.
16:39 of 1st period - Shot Blocked by Adam Ginning.
16:55 of 1st period - Wrist shot by Kiefer Sherwood.
16:55 of 1st period - Shot Misses the Net.
16:59 of 1st period - Slapshot by Rocco Grimaldi.
16:59 of 1st period - Goal by Rocco Grimaldi - Sarnia Sailors : 0 - Tappara Tampere : 2.
17:00 of 1st period - Kevin Stenlund wins face-off versus Kent Johnson in neutral zone.
17:11 of 1st period - Slapshot by Kevin Stenlund.
17:11 of 1st period - Shot Misses the Net.
17:17 of 1st period - Kevin Stenlund is hit by Andreas Englund and loses puck.
17:28 of 1st period - Snap shot by Stefan Noesen.
17:28 of 1st period - Stopped by Remi Poirier with a rebound.
17:38 of 1st period - Wrist shot by Stefan Noesen.
17:38 of 1st period - Stopped by Remi Poirier without a rebound.
17:39 of 1st period - Andrew Poturalski wins face-off versus Tristen Nielsen in Sarnia Sailors zone.
17:42 of 1st period - Slapshot by Rocco Grimaldi.
17:42 of 1st period - Shot Blocked by Cole Reinhardt.
17:44 of 1st period - Slapshot by Jan Rutta.
17:44 of 1st period - Shot Blocked by Declan Chisholm.
17:48 of 1st period - Snap shot by Rocco Grimaldi.
17:48 of 1st period - Tappara Tampere goal is going for a video replay.
17:48 of 1st period - The goal is refused. The puck has been directed, batted or thrown into the net by an attacking player other than with a stick..
17:49 of 1st period - Andrew Poturalski wins face-off versus Tristen Nielsen in Sarnia Sailors zone.
17:50 of 1st period - Snap shot by Kiefer Sherwood.
17:50 of 1st period - Stopped by Remi Poirier with a rebound.
18:06 of 1st period - Wrist shot by Rocco Grimaldi.
18:06 of 1st period - Shot Misses the Net.
18:08 of 1st period - Wrist shot by Andrew Poturalski.
18:08 of 1st period - Shot Misses the Net.
18:10 of 1st period - Wrist shot by Rocco Grimaldi.
18:10 of 1st period - Shot Misses the Net.
18:12 of 1st period - Wrist shot by Rocco Grimaldi.
18:12 of 1st period - Deflect By Andrew Poturalski.
18:12 of 1st period - Stopped by Remi Poirier with a rebound.
18:14 of 1st period - Backhand shot by Kiefer Sherwood.
18:14 of 1st period - Stopped by Remi Poirier with a rebound.
18:16 of 1st period - Slapshot by Andrew Poturalski.
18:16 of 1st period - Goal by Andrew Poturalski - Sarnia Sailors : 0 - Tappara Tampere : 3.
18:17 of 1st period - Kevin Stenlund wins face-off versus Kent Johnson in neutral zone.
18:22 of 1st period - Snap shot by Keegan Kolesar.
18:22 of 1st period - Shot Blocked by Mattias Samuelsson.
18:24 of 1st period - Snap shot by Adam Ginning.
18:24 of 1st period - Stopped by Petr Mrazek without a rebound.
18:25 of 1st period - Kent Johnson wins face-off versus Kevin Stenlund in Tappara Tampere zone.
18:25 of 1st period - Kent Johnson is hit by Jack Rathbone.
18:37 of 1st period - Snap shot by Vasily Podkolzin.
18:37 of 1st period - Stopped by Petr Mrazek without a rebound.
18:38 of 1st period - Kevin Stenlund wins face-off versus Kent Johnson in Tappara Tampere zone.
18:39 of 1st period - Snap shot by Vasily Podkolzin.
18:39 of 1st period - Deflect By Kevin Stenlund.
18:39 of 1st period - Stopped by Petr Mrazek without a rebound.
18:40 of 1st period - Kevin Stenlund wins face-off versus Kent Johnson in Tappara Tampere zone.
18:43 of 1st period - Wrist shot by Kevin Stenlund.
18:43 of 1st period - Stopped by Petr Mrazek with a rebound.
19:13 of 1st period - Wrist shot by Jesse Puljujarvi.
19:13 of 1st period - Shot Misses the Net.
19:15 of 1st period - Snap shot by Cole Reinhardt.
19:15 of 1st period - Shot Blocked by Mattias Samuelsson.
19:27 of 1st period - Lucas Edmonds is hit by Kiefer Sherwood.
Goals for this period are 0 for Sarnia Sailors vs 3 for Tappara Tampere.
Shots for this period are 13 for Sarnia Sailors vs 18 for Tappara Tampere.
2nd period
0:01 of 2nd period - Kevin Stenlund wins face-off versus Kent Johnson in neutral zone.
0:10 of 2nd period - Slapshot by Kevin Stenlund.
0:10 of 2nd period - Shot Misses the Net.
0:36 of 2nd period - Snap shot by Stefan Noesen.
0:36 of 2nd period - Shot Blocked by Cole Reinhardt.
0:38 of 2nd period - Backhand shot by Andy Andreoff.
0:38 of 2nd period - Shot Hit the Post.
0:55 of 2nd period - Wrist shot by Lucas Edmonds.
0:55 of 2nd period - Stopped by Petr Mrazek with a rebound.
0:57 of 2nd period - Snap shot by Dominic Toninato.
0:57 of 2nd period - Stopped by Petr Mrazek with a rebound.
0:59 of 2nd period - Snap shot by Lucas Edmonds.
0:59 of 2nd period - Stopped by Petr Mrazek with a rebound.
1:01 of 2nd period - Slapshot by Jack Rathbone.
1:01 of 2nd period - Stopped by Petr Mrazek with a rebound.
2:17 of 2nd period - Lucas Edmonds is hit by Lukas Svejkovsky and loses puck.
3:31 of 2nd period - Lucas Edmonds is hit by John Klingberg and loses puck.
3:59 of 2nd period - Icing by Calvin De Haan.
4:00 of 2nd period - Tristen Nielsen wins face-off versus Kent Johnson in Tappara Tampere zone.
4:19 of 2nd period - Icing by Zach Uens.
4:20 of 2nd period - Tristen Nielsen wins face-off versus Andy Andreoff in Sarnia Sailors zone.
4:28 of 2nd period - Off-side.
4:29 of 2nd period - Vasily Podkolzin wins face-off versus Stefan Noesen in neutral zone.
4:35 of 2nd period - Minor Penalty to Andy Andreoff for Tripping.
4:36 of 2nd period - Stefan Noesen wins face-off versus Tristen Nielsen in Tappara Tampere zone.
4:36 of 2nd period - Stefan Noesen is hit by Keegan Kolesar.
6:35 of 2nd period - Penalty to Andy Andreoff is over, Andy Andreoff is back on ice.
6:54 of 2nd period - Jamie Drysdale is hit by Kiefer Sherwood and loses puck.
7:14 of 2nd period - Snap shot by Rocco Grimaldi.
7:14 of 2nd period - Shot Misses the Net.
7:22 of 2nd period - Kiefer Sherwood is hit by Lucas Edmonds.
7:40 of 2nd period - Wrist shot by Kiefer Sherwood.
7:40 of 2nd period - Shot Blocked by Lucas Edmonds.
7:42 of 2nd period - Wrist shot by Rocco Grimaldi.
7:42 of 2nd period - Shot Misses the Net.
8:29 of 2nd period - Wrist shot by Kiefer Sherwood.
8:29 of 2nd period - Shot Blocked by Dominic Toninato.
8:31 of 2nd period - Wrist shot by Andrew Poturalski.
8:31 of 2nd period - Shot Blocked by Adam Ginning.
8:33 of 2nd period - Wrist shot by Rocco Grimaldi.
8:33 of 2nd period - Shot Blocked by Adam Ginning.
8:35 of 2nd period - Backhand shot by Kiefer Sherwood.
8:35 of 2nd period - Shot Misses the Net.
8:37 of 2nd period - Backhand shot by Alex Goligoski.
8:37 of 2nd period - Stopped by Remi Poirier without a rebound.
8:38 of 2nd period - Kevin Stenlund wins face-off versus Andy Andreoff in Sarnia Sailors zone.
8:47 of 2nd period - Wrist shot by Stefan Noesen.
8:47 of 2nd period - Stopped by Remi Poirier with a rebound.
8:49 of 2nd period - Slapshot by Jan Rutta.
8:49 of 2nd period - Stopped by Remi Poirier with a rebound.
8:51 of 2nd period - Backhand shot by Jan Rutta.
8:51 of 2nd period - Shot Blocked by Jamie Drysdale.
8:53 of 2nd period - Snap shot by Stefan Noesen.
8:53 of 2nd period - Stopped by Remi Poirier without a rebound.
8:54 of 2nd period - Tristen Nielsen wins face-off versus Kent Johnson in Sarnia Sailors zone.
9:04 of 2nd period - Wrist shot by Anders Bjork.
9:04 of 2nd period - Shot Blocked by Cole Reinhardt.
9:06 of 2nd period - Slapshot by Alex Goligoski.
9:06 of 2nd period - Deflect By Tristen Nielsen.
9:06 of 2nd period - Stopped by Remi Poirier without a rebound.
9:07 of 2nd period - Keegan Kolesar wins face-off versus Andy Andreoff in Sarnia Sailors zone.
9:27 of 2nd period - Vasily Podkolzin is hit by Andy Andreoff and loses puck.
9:38 of 2nd period - Kevin Stenlund is hit by William Eklund and loses puck.
9:45 of 2nd period - Snap shot by Phillip Di Giuseppe.
9:45 of 2nd period - Stopped by Remi Poirier with a rebound.
9:47 of 2nd period - Snap shot by Lukas Svejkovsky.
9:47 of 2nd period - Stopped by Remi Poirier with a rebound.
9:49 of 2nd period - Slapshot by William Eklund.
9:49 of 2nd period - Deflect By Phillip Di Giuseppe.
9:49 of 2nd period - Shot Misses the Net.
9:49 of 2nd period - Puck is out of play.
9:50 of 2nd period - Tristen Nielsen wins face-off versus Kent Johnson in Sarnia Sailors zone.
10:51 of 2nd period - Off-side.
10:52 of 2nd period - Kevin Stenlund wins face-off versus Kent Johnson in neutral zone.
10:55 of 2nd period - Snap shot by Vasily Podkolzin.
10:55 of 2nd period - Stopped by Petr Mrazek without a rebound.
10:56 of 2nd period - Kevin Stenlund wins face-off versus Kent Johnson in Tappara Tampere zone.
11:19 of 2nd period - Snap shot by Keegan Kolesar.
11:19 of 2nd period - Stopped by Petr Mrazek with a rebound.
11:21 of 2nd period - Slapshot by Jack Rathbone.
11:21 of 2nd period - Deflect By John Klingberg.
11:21 of 2nd period - Stopped by Petr Mrazek with a rebound.
11:23 of 2nd period - Slapshot by Kevin Stenlund.
11:23 of 2nd period - Stopped by Petr Mrazek without a rebound.
11:24 of 2nd period - Andy Andreoff wins face-off versus Tristen Nielsen in Tappara Tampere zone.
12:37 of 2nd period - Minor Penalty to Jack Rathbone for Hooking.
12:38 of 2nd period - Stefan Noesen wins face-off versus Kevin Stenlund in Sarnia Sailors zone.
12:42 of 2nd period - Snap shot by Mattias Janmark.
12:42 of 2nd period - Stopped by Remi Poirier with a rebound.
12:52 of 2nd period - Wrist shot by Andy Andreoff.
12:52 of 2nd period - Stopped by Remi Poirier with a rebound.
13:16 of 2nd period - Snap shot by Mattias Janmark.
13:16 of 2nd period - Deflect By Stefan Noesen.
13:16 of 2nd period - Shot Misses the Net.
13:16 of 2nd period - Puck is out of play.
13:17 of 2nd period - Kevin Stenlund wins face-off versus Kent Johnson in Sarnia Sailors zone.
13:48 of 2nd period - Wrist shot by Keegan Kolesar.
13:48 of 2nd period - Goal by Keegan Kolesar - Sarnia Sailors : 1 - Tappara Tampere : 3.
13:49 of 2nd period - Anders Bjork wins face-off versus Kevin Stenlund in neutral zone.
13:51 of 2nd period - Off-side.
13:52 of 2nd period - Kent Johnson wins face-off versus Kevin Stenlund in neutral zone.
13:55 of 2nd period - Backhand shot by John Klingberg.
13:55 of 2nd period - Shot Blocked by Zach Uens.
13:57 of 2nd period - Snap shot by Anders Bjork.
13:57 of 2nd period - Stopped by Remi Poirier without a rebound.
13:58 of 2nd period - Kent Johnson wins face-off versus Kevin Stenlund in Sarnia Sailors zone.
14:09 of 2nd period - Snap shot by Kent Johnson.
14:09 of 2nd period - Goal by Kent Johnson - Sarnia Sailors : 1 - Tappara Tampere : 4.
14:10 of 2nd period - Kevin Stenlund wins face-off versus Andy Andreoff in neutral zone.
16:02 of 2nd period - Wrist shot by Jamie Drysdale.
16:02 of 2nd period - Stopped by Petr Mrazek without a rebound.
16:03 of 2nd period - Tristen Nielsen wins face-off versus Kent Johnson in Tappara Tampere zone.
16:04 of 2nd period - Wrist shot by Jesse Puljujarvi.
16:04 of 2nd period - Goal by Jesse Puljujarvi - Sarnia Sailors : 2 - Tappara Tampere : 4.
16:05 of 2nd period - Andy Andreoff wins face-off versus Kevin Stenlund in neutral zone.
16:07 of 2nd period - Minor Penalty to Andy Andreoff for Tripping.
16:08 of 2nd period - Tristen Nielsen wins face-off versus Stefan Noesen in Tappara Tampere zone.
16:08 of 2nd period - Snap shot by Keegan Kolesar.
16:08 of 2nd period - Shot Blocked by Stefan Noesen.
16:34 of 2nd period - Logan O'Connor is hit by Cole Reinhardt.
16:48 of 2nd period - Mattias Samuelsson is hit by Jack Rathbone and loses puck.
16:59 of 2nd period - Vasily Podkolzin is hit by Logan O'Connor and loses puck.
18:07 of 2nd period - Penalty to Andy Andreoff is over, Andy Andreoff is back on ice.
18:46 of 2nd period - Dominic Toninato is hit by Alex Goligoski.
Goals for this period are 2 for Sarnia Sailors vs 1 for Tappara Tampere.
Shots for this period are 11 for Sarnia Sailors vs 11 for Tappara Tampere.
3rd period
0:01 of 3rd period - Kent Johnson wins face-off versus Keegan Kolesar in neutral zone.
0:28 of 3rd period - Jack Rathbone is hit by Jan Rutta and loses puck.
0:51 of 3rd period - Slapshot by Dominic Toninato.
0:51 of 3rd period - Shot Misses the Net.
1:11 of 3rd period - Icing by Jack Rathbone.
1:12 of 3rd period - William Eklund wins face-off versus Dominic Toninato in Sarnia Sailors zone.
1:43 of 3rd period - Icing by Kent Johnson.
1:44 of 3rd period - Kevin Stenlund wins face-off versus Kent Johnson in Tappara Tampere zone.
1:57 of 3rd period - Vasily Podkolzin is hit by Kent Johnson and loses puck.
2:17 of 3rd period - Slapshot by Stefan Noesen.
2:17 of 3rd period - Stopped by Remi Poirier with a rebound.
2:19 of 3rd period - Wrist shot by Mattias Janmark.
2:19 of 3rd period - Shot Misses the Net.
2:37 of 3rd period - Slapshot by Lucas Edmonds.
2:37 of 3rd period - Stopped by Petr Mrazek with a rebound.
2:39 of 3rd period - Wrist shot by Lucas Edmonds.
2:39 of 3rd period - Deflect By Brad Lambert.
2:39 of 3rd period - Stopped by Petr Mrazek with a rebound.
2:41 of 3rd period - Slapshot by Lucas Edmonds.
2:41 of 3rd period - Deflect By John Klingberg.
2:41 of 3rd period - Shot Blocked by Andrew Poturalski.
2:41 of 3rd period - Puck is out of play.
2:42 of 3rd period - Kevin Stenlund wins face-off versus Kent Johnson in Tappara Tampere zone.
2:55 of 3rd period - Wrist shot by Vasily Podkolzin.
2:55 of 3rd period - Shot Blocked by Logan O'Connor.
2:57 of 3rd period - Slapshot by Keegan Kolesar.
2:57 of 3rd period - Shot Misses the Net.
4:13 of 3rd period - Logan O'Connor is hit by Vasily Podkolzin and loses puck.
5:03 of 3rd period - Wrist shot by Dominic Toninato.
5:03 of 3rd period - Deflect By Brad Lambert.
5:03 of 3rd period - Shot Blocked by John Klingberg.
5:03 of 3rd period - Puck is out of play.
5:04 of 3rd period - Kevin Stenlund wins face-off versus Andy Andreoff in Tappara Tampere zone.
5:25 of 3rd period - Minor Penalty to Zach Uens for Interference.
5:26 of 3rd period - Kevin Stenlund wins face-off versus Kent Johnson in Sarnia Sailors zone.
5:37 of 3rd period - Dominic Toninato is hit by Mattias Samuelsson.
5:41 of 3rd period - Kent Johnson is hit by Kevin Stenlund and loses puck.
6:04 of 3rd period - Wrist shot by Stefan Noesen.
6:04 of 3rd period - Stopped by Remi Poirier without a rebound.
6:05 of 3rd period - Kevin Stenlund wins face-off versus Andy Andreoff in Sarnia Sailors zone.
7:05 of 3rd period - Samuel Walker is hit by John Klingberg and loses puck.
7:25 of 3rd period - Penalty to Zach Uens is over, Zach Uens is back on ice.
7:47 of 3rd period - Wrist shot by Rocco Grimaldi.
7:47 of 3rd period - Shot Blocked by Jett Woo.
7:49 of 3rd period - Wrist shot by Andrew Poturalski.
7:49 of 3rd period - Shot Misses the Net.
8:01 of 3rd period - Wrist shot by Phillip Di Giuseppe.
8:01 of 3rd period - Shot Misses the Net.
8:07 of 3rd period - Snap shot by Phillip Di Giuseppe.
8:07 of 3rd period - Stopped by Remi Poirier with a rebound.
8:27 of 3rd period - Slapshot by Kiefer Sherwood.
8:27 of 3rd period - Stopped by Remi Poirier with a rebound.
8:55 of 3rd period - Slapshot by Jamie Drysdale.
8:55 of 3rd period - Shot Blocked by Mattias Samuelsson.
8:57 of 3rd period - Wrist shot by Jamie Drysdale.
8:57 of 3rd period - Deflect By Lucas Edmonds.
8:57 of 3rd period - Stopped by Petr Mrazek with a rebound.
8:59 of 3rd period - Snap shot by Lucas Edmonds.
8:59 of 3rd period - Goal by Lucas Edmonds - Sarnia Sailors : 3 - Tappara Tampere : 4.
9:00 of 3rd period - Kevin Stenlund wins face-off versus Kent Johnson in neutral zone.
9:07 of 3rd period - Wrist shot by Vasily Podkolzin.
9:07 of 3rd period - Shot Misses the Net.
9:09 of 3rd period - Slapshot by Declan Chisholm.
9:09 of 3rd period - Shot Misses the Net.
9:41 of 3rd period - Minor Penalty to Cole Reinhardt for Unsportsmanlike conduct.
9:42 of 3rd period - Kevin Stenlund wins face-off versus Andy Andreoff in Sarnia Sailors zone.
9:51 of 3rd period - Wrist shot by Kevin Stenlund.
9:51 of 3rd period - Shot Misses the Net.
10:07 of 3rd period - Dominic Toninato is hit by Mattias Samuelsson and loses puck.
10:28 of 3rd period - Snap shot by Dominic Toninato.
10:28 of 3rd period - Stopped by Petr Mrazek without a rebound.
10:29 of 3rd period - Laurent Dauphin wins face-off versus Kent Johnson in Tappara Tampere zone.
10:38 of 3rd period - Wrist shot by Anders Bjork.
10:38 of 3rd period - Deflect By Logan O'Connor.
10:38 of 3rd period - Stopped by Remi Poirier with a rebound.
11:03 of 3rd period - Kevin Stenlund is hit by Stefan Noesen and loses puck.
11:18 of 3rd period - Kent Johnson is hit by Adam Ginning and loses puck.
11:41 of 3rd period - Penalty to Cole Reinhardt is over, Cole Reinhardt is back on ice.
11:54 of 3rd period - Declan Chisholm is hit by Alex Goligoski and loses puck.
12:45 of 3rd period - Phillip Di Giuseppe is hit by Tristen Nielsen and loses puck.
14:04 of 3rd period - Backhand shot by Phillip Di Giuseppe.
14:04 of 3rd period - Deflect By Lukas Svejkovsky.
14:04 of 3rd period - Stopped by Remi Poirier with a rebound.
14:06 of 3rd period - Snap shot by Alex Goligoski.
14:06 of 3rd period - Stopped by Remi Poirier with a rebound.
14:18 of 3rd period - Slapshot by Tristen Nielsen.
14:18 of 3rd period - Stopped by Petr Mrazek with a rebound.
14:22 of 3rd period - Snap shot by Tristen Nielsen.
14:22 of 3rd period - Shot Blocked by Logan O'Connor.
14:24 of 3rd period - Wrist shot by Cole Reinhardt.
14:24 of 3rd period - Stopped by Petr Mrazek with a rebound.
14:26 of 3rd period - Slapshot by Adam Ginning.
14:26 of 3rd period - Stopped by Petr Mrazek with a rebound.
15:18 of 3rd period - William Eklund is hit by Declan Chisholm and loses puck.
15:34 of 3rd period - Off-side.
15:35 of 3rd period - Kent Johnson wins face-off versus Dominic Toninato in neutral zone.
15:37 of 3rd period - Off-side.
15:38 of 3rd period - Dominic Toninato wins face-off versus Logan O'Connor in neutral zone.
15:43 of 3rd period - Wrist shot by Brad Lambert.
15:43 of 3rd period - Stopped by Petr Mrazek without a rebound.
15:44 of 3rd period - Andrew Poturalski wins face-off versus Kevin Stenlund in Tappara Tampere zone.
15:44 of 3rd period - Andrew Poturalski is hit by Zach Uens.
16:19 of 3rd period - Snap shot by Mattias Janmark.
16:19 of 3rd period - Shot Misses the Net.
16:43 of 3rd period - John Klingberg is hit by Zach Uens and loses puck.
16:58 of 3rd period - Wrist shot by Kiefer Sherwood.
16:58 of 3rd period - Deflect By Jamie Drysdale.
16:58 of 3rd period - Stopped by Remi Poirier with a rebound.
17:14 of 3rd period - Snap shot by Stefan Noesen.
17:14 of 3rd period - Shot Misses the Net.
17:16 of 3rd period - Snap shot by Andy Andreoff.
17:16 of 3rd period - Stopped by Remi Poirier without a rebound.
17:17 of 3rd period - Andy Andreoff wins face-off versus Kevin Stenlund in Sarnia Sailors zone.
17:26 of 3rd period - Snap shot by Mattias Janmark.
17:26 of 3rd period - Stopped by Remi Poirier without a rebound.
17:27 of 3rd period - Kevin Stenlund wins face-off versus Andrew Poturalski in Sarnia Sailors zone.
17:34 of 3rd period - Andrew Poturalski is hit by Keegan Kolesar and loses puck.
17:44 of 3rd period - Minor Penalty to Keegan Kolesar for Cross-checking.
17:45 of 3rd period - Kevin Stenlund wins face-off versus Andy Andreoff in Sarnia Sailors zone.
17:57 of 3rd period - Slapshot by John Klingberg.
17:57 of 3rd period - Deflect By Stefan Noesen.
17:57 of 3rd period - Stopped by Remi Poirier with a rebound.
19:44 of 3rd period - Penalty to Keegan Kolesar is over, Keegan Kolesar is back on ice.
Goals for this period are 1 for Sarnia Sailors vs 0 for Tappara Tampere.
Shots for this period are 9 for Sarnia Sailors vs 11 for Tappara Tampere.
Back to the Top